 Dungeon Crawl Stone Soup version 0.25-a0-737-g26c3a87 (webtiles) character file.

Game seed: 5544897558367874377, levelgen mode: deterministic

412219 Atlas the Eclecticist (level 22, -12/161 HPs)
             Began as a Demonspawn Ice Elementalist on Apr 12, 2020.
             Was the Champion of Vehumet.
             Mangled by a white very ugly thing (47 damage)
             ... on level 4 of the Vaults.
             The game lasted 02:18:22 (63739 turns).

Atlas the Eclecticist (DsIE)                       Turns: 63739, Time: 02:18:22

Health: -12/161    AC: 25    Str: 12    XL:     22   Next: 49%
Magic:  41/54      EV: 14    Int: 24    God:    Vehumet [******]
Gold:   4017       SH:  8    Dex: 15    Spells: 22/60 levels left

rFire    + . .     SeeInvis +   H - +10 morningstar "Eos" {elec, Halo rElec}
rCold    . . .     Gourm    .   k - +3 buckler
rNeg     . . .     Faith    .   z - +1 scale mail of Negation {MP+9 Str+2}
rPois    +         Spirit   .   (helmet unavailable)
rElec    +         Reflect  .   R - +2 cloak
rCorr    .         Harm     .   q - +2 pair of gloves
MR       ++...                  m - +2 pair of boots
Stlth    +.........             (no amulet)
HPRegen  0.36/turn              Q - ring "Mum Qypp" {rPois MR+}
MPRegen  0.34/turn              p - ring of protection from fire

@: no potions, glowing, studying Slings
A: antennae 3, iridescent scales 3, demonic guardian 2, spiny 3
}: 2/15 runes: decaying, gossamer
a: Renounce Religion


You were on level 4 of the Vaults.
You worshipped Vehumet.
Vehumet was exalted by your worship.
You were very hungry.

You visited 8 branches of the dungeon, and saw 39 of its levels.
You visited the Abyss 1 time.
You visited 1 bazaar.
You also visited: Ossuary, Gauntlet and Ice Cave.

You collected 6917 gold pieces.
You spent 2900 gold pieces at shops.

Inventory:

Hand Weapons
 H - the +10 morningstar "Eos" (weapon) {elec, Halo rElec}
   (You bought it in a shop on level 2 of the Orcish Mines)

   Occasionally, upon striking a foe, it will discharge some electrical energy
   and cause terrible harm.
   It insulates you from electricity.
Armour
 k - a +3 buckler (worn)
 m - a +2 pair of boots (worn)
 q - a +2 pair of gloves (worn)
 z - the +1 scale mail of Negation (worn) {MP+9 Str+2}
   (You found it on level 1 of the Swamp)

   It affects your strength (+2).
   It affects your magic capacity (+9).
 R - a +2 cloak (worn)
Jewellery
 p - a ring of protection from fire (right hand)
 r - an uncursed ring of protection from magic
 B - an uncursed ring of protection from cold
 C - the ring of Zetotecus {Wiz *Corrode rPois Int+7}
   (You took it off a deep elf annihilator on level 3 of the Elven Halls)

   [ring of wizardry]

   It improves your spell success rate.
   It affects your intelligence (+7).
   It protects you from poison.
   It may corrode you when you take damage.
 I - an uncursed ring of protection from magic
 Q - the ring "Mum Qypp" (left hand) {rPois MR+}
   (You found it in a Gauntlet)

   [ring of protection from magic]

   It protects you from poison.
   It affects your resistance to hostile enchantments.
 T - the ring "Pizius" {Fire +Blink rElec Str-2 Dex+7}
   (You found it in a Gauntlet)

   [ring of fire]

   It enhances your fire magic.
   It affects your strength (-2).
   It affects your dexterity (+7).
   It protects you from fire.
   It makes you vulnerable to cold.
   It insulates you from electricity.
   It lets you blink.
 Y - an uncursed ring of protection from fire
 Z - an uncursed ring of resist corrosion
Wands
 l - a wand of disintegration (23)
 w - a wand of flame (38)
 x - a wand of clouds (5)
 F - a wand of digging (4)
 J - a wand of iceblast (49)
 M - a wand of paralysis (3)
 S - a wand of acid (2)
Scrolls
 b - 3 scrolls of identify
 d - 21 scrolls of teleportation
 e - 4 scrolls of fear
 g - 3 scrolls of summoning
 i - 6 scrolls of enchant armour
 s - 11 scrolls of amnesia
 u - 20 scrolls of remove curse
 v - 6 scrolls of magic mapping
 A - 8 scrolls of enchant weapon
 L - 3 scrolls of immolation
 P - a scroll of brand weapon
 V - a scroll of fog
 X - 2 scrolls of torment
Potions
 f - 16 potions of curing
 h - 11 potions of brilliance
 n - 9 potions of cancellation
 o - 11 potions of lignification
 t - 6 potions of haste
 y - 6 potions of flight
 D - 3 potions of berserk rage
 E - 5 potions of mutation
 G - 2 potions of resistance
 K - 2 potions of heal wounds
 O - 7 potions of might
Books
 a - a manual of Slings
Miscellaneous
 N - a lightning rod (4/4)
 U - 2 tins of tremorstones
 W - 5 phantom mirrors
Comestibles
 c - 44 rations


   Skills:
 + Level 10.9 Fighting
 + Level 14.0 Maces & Flails
   Level 4.3 Polearms
 + Level 9.5 Armour
 + Level 9.9 Dodging
 - Level 8.0 Stealth
 - Level 4.0 Shields
 + Level 19.6 Spellcasting
 + Level 0.2 Conjurations
 + Level 2.4 Charms
 + Level 5.3 Summonings
 + Level 19.2 Ice Magic
 + Level 0.1 Air Magic
 + Level 0.2 Poison Magic
 + Level 3.6 Evocations


You had 22 spell levels left.
You knew the following spells:

 Your Spells              Type           Power        Failure   Level  Hunger
a - Freeze                Ice            ####         0%          1    None
b - Frozen Ramparts       Ice            ######       0%          3    None
c - Ozocubu's Armour      Chrm/Ice       ######..     1%          3    None
d - Summon Ice Beast      Ice/Summ       ######..     1%          4    None
e - Ozocubu's Refrigerat  Ice            #######...   1%          6    ###....
f - Mephitic Cloud        Conj/Pois/Air  ###.....     5%          3    None
g - Lightning Bolt        Conj/Air       ###.......   41%         5    None
h - Absolute Zero         Ice            #######...   54%         9    #######
i - Dispel Undead         Necr           ###.....     58%         4    None

Your spell library contained the following spells:

 Spells                   Type           Power        Failure   Level  Hunger
 Ignition                 Fire           ###.......   100%        8    ######.
 Lehudib's Crystal Spear  Conj/Erth      ###.......   100%        8    ######.
 Foxfire                  Conj/Fire      ###.         1%          1    None
 Magic Dart               Conj           ###.         1%          1    None
 Summon Butterflies       Summ           #####...     1%          1    None
 Summon Small Mammal      Summ           ####         1%          1    None
 Call Imp                 Summ           #####...     1%          2    None
 Ensorcelled Hibernation  Hex/Ice        ######       1%          2    None
 Hailstorm                Conj/Ice       ######..     1%          4    None
 Ice Form                 Ice/Tmut       ######..     1%          4    None
 Infusion                 Chrm           ####         2%          1    None
 Sandblast                Erth           ###...       2%          1    None
 Searing Ray              Conj           ###...       2%          2    None
 Call Canine Familiar     Summ           #####...     2%          3    None
 Song of Slaying          Chrm           #####...     4%          2    None
 Metabolic Englaciation   Hex/Ice        ######....   4%          5    None
 Conjure Flame            Conj/Fire      ###.....     6%          3    None
 Dazzling Flash           Conj/Hex       ###...       6%          3    None
 Ignite Poison            Fire/Tmut/Pois ###.....     6%          3    None
 Inner Flame              Hex/Fire       ###.....     6%          3    None
 Sting                    Tmut/Pois      ###.         7%          1    None
 Shroud of Golubria       Chrm/Tloc      ####..       7%          2    None
 Beastly Appendage        Tmut           ###...       8%          1    None
 Corona                   Hex            ###....      8%          1    None
 Recall                   Summ/Tloc      N/A          8%          3    None
 Summon Guardian Golem    Hex/Summ       #####...     8%          3    None
 Corpse Rot               Necr/Air       N/A          11%         2    None
 Poisonous Vapours        Pois/Air       ###...       11%         2    None
 Blink                    Tloc           N/A          12%         2    None
 Passwall                 Tmut/Erth      ###.....     12%         2    None
 Slow                     Hex            ###.....     12%         2    None
 Sticks to Snakes         Tmut           ###.....     12%         2    None
 Sublimation of Blood     Necr           ###.......   12%         2    None
 Spectral Weapon          Hex/Chrm       ####....     14%         3    None
 Fulminant Prism          Conj/Hex       ###.......   17%         4    None
 Iskenderun's Mystic Bla  Conj/Tloc      ###.....     17%         4    None
 Olgreb's Toxic Radiance  Pois           ###.....     17%         4    None
 Sticky Flame             Conj/Fire      ###.....     17%         4    None
 Freezing Cloud           Conj/Ice/Air   ######....   21%         6    ###....
 Confusing Touch          Hex            ###.....     22%         3    None
 Gell's Gravitas          Tloc           ###.......   22%         3    None
 Portal Projectile        Hex/Tloc       ###...       22%         3    None
 Spider Form              Tmut/Pois      ###.......   22%         3    None
 Tukima's Dance           Hex            ###.....     22%         3    None
 Simulacrum               Ice/Necr       ######....   22%         6    ###....
 Summon Lightning Spire   Summ/Air       #####...     24%         4    None
 Summon Demon             Summ           #####.....   24%         5    None
 Bolt of Magma            Conj/Fire/Erth ###.......   43%         5    None
 Fireball                 Conj/Fire      ###.......   43%         5    None
 Yara's Violent Unravell  Hex/Tmut       ###.......   45%         5    None
 Summon Mana Viper        Hex/Summ       #####...     56%         5    None
 Animate Dead             Necr           N/A          58%         4    None
 Cause Fear               Hex            ###.......   58%         4    None
 Leda's Liquefaction      Hex/Erth       ###.......   58%         4    None
 Petrify                  Tmut/Erth      ###.....     58%         4    None
 Excruciating Wounds      Chrm/Necr      ####......   77%         5    None
 Shadow Creatures         Summ           N/A          78%         6    ###....
 Agony                    Necr           ###.....     91%         5    None
 Blade Hands              Tmut           ###.......   91%         5    None
 Borgnjor's Vile Clutch   Necr/Erth      ###.......   91%         5    None
 Iron Shot                Conj/Erth      ###.......   92%         6    ###....
 Statue Form              Tmut/Erth      ###......    100%        6    ###....
 Dragon Form              Tmut           ###.......   100%        7    #####..
 Malign Gateway           Summ/Tloc      #####.....   100%        7    #####..
 Ring of Flames           Chrm/Fire      ####......   100%        7    #####..
 Summon Hydra             Summ           #####.....   100%        7    #####..
 Dragon's Call            Summ           #####.....   100%        9    #######
 Shatter                  Erth           ###.......   100%        9    #######


Dungeon Overview and Level Annotations

Branches:
Dungeon (15/15)            Temple (1/1) D:5            Lair (6/6) D:9
  Swamp (4/4) Lair:2       Spider (4/4) Lair:3        Slime (0/5) Lair:6
    Orc (2/2) D:12            Elf (3/3) Orc:2        Vaults (4/5) D:14
  Crypt (0/3) Vaults:3     Depths (0/5) D:15        Ossuary (visited)
  IceCv (visited)         Gauntlet (visited)

Altars:
Ashenzari
Cheibriados
Dithmenos
Elyvilon
Fedhas
Gozag
Hepliaklqana
Kikubaaqudgha
Makhleb
Nemelex Xobeh
Qazlal
Ru
Sif Muna
Trog
Uskayaw
Vehumet
Wu Jian
Xom
Yredelemnul
Zin
The Shining One

Shops:
D:4 %}}(   Orc:2 *(=[   Elf:3 }   Vaults:2 (   Vaults:3 (

Portals:
Abyss: Swamp:2

Annotations:
D:7 2 transporters, contrafett's ghost, novice TrNe
Lair:3 1 runed translucent door, Hazorath's ghost, journeyman DsFi
Swamp:2 2 transporters, tabacat's ghost, journeyman DrCj
Spider:1 3 runed translucent doors, Seowka's ghost, adept MiBe
Spider:2 1 runed translucent door, lunkers's ghost, adept FoIE
Spider:3 1 runed translucent door, Ahomnacvode's ghost, adept TrMo


Innate Abilities, Weirdness & Mutations

You have a pair of large antennae on your head. (SInv)
You are completely covered in iridescent scales. (AC +6)
A demonic guardian rushes to your aid.
You are completely covered in sharp spines.


Message History

The white very ugly thing is moderately wounded.
The white very ugly thing trunk-slaps you!
The white very ugly thing freezes you!!!
Unknown command.
Casting: Ozocubu's Refrigeration (safe; 1% risk of failure)
Confirm with . or Enter, or press ? or * to list all spells.
A chill wind blows around you.
The white very ugly thing is struck by your spines.
The white very ugly thing trunk-slaps you but does no damage.
The ettin barely misses your ice beast.
The ettin closely misses your ice beast.
Your ice beast hits the white very ugly thing but does no damage.
There is an open door here.
The ettin hits your ice beast with a +0 dire flail!!
The ettin hits your ice beast with a +1 dire flail of protection!
There is a large open door here.
The white very ugly thing trunk-slaps you!!
* * * LOW HITPOINT WARNING * * *
The white very ugly thing freezes you!!!
You die...

#...'....'... #...'....'.
##'##...†# #...##'†# .
#....#{.#.... #....Y..'....'
#...{#..#....#
'#########''#################
.....(......u@..............##
.........().................#.
.........)..)...............#.
.........).))).)............##
............................#.
#######################.....#.
#.....#. #.....#. #.....#)


You could see a white very ugly thing.

Vanquished Creatures
  Frederick (Vaults:3)
  Bai Suzhen (Vaults:2)
  Margery (Vaults:4)
  A tentacled monstrosity (Vaults:2)
  4 deep elf master archers (Elf:3)
  A sphinx (Vaults:3)
  2 thorn hunters (Swamp:4)
  Donald (Orc:2)
  Roxanne (Spider:2)
  3 frost giants
  6 ghost moths
  2 fire giants (Vaults:2)
  7 vault wardens
  2 orc warlords
  6 deep elf sorcerers
  4 deep elf elementalists (Elf:3)
  Aizul (Spider:4)
  5 emperor scorpions (Spider:4)
  12 ironheart preservers
  A very ugly thing (Vaults:4)
  A war gargoyle (Vaults:2)
  6 deep elf demonologists
  7 stone giants
  5 entropy weavers
  10 deep elf annihilators
  A vampire knight (Vaults:2)
  A dire elephant (Lair:6)
  6 spark wasps (Spider:4)
  3 ettins
  5 deep elf death magi
  5 fire dragons
  5 yaktaur captains
  3 great orbs of eyes
  3 deep elf high priests (Elf:3)
  8 vault guards
  4 shambling mangroves
  5 ice dragons
  Harold (D:9)
  17 hydras
  A ghost crab (Swamp:4)
  2 catoblepae
  2 death knights
  7 centaur warriors
  7 ogre magi
  24 dancing weapons
  A queen ant (D:12)
  A death yak (Lair:6)
  24 two-headed ogres
  11 alligators
  A vampire mage (Vaults:3)
  2 orc high priests (Orc:2)
  Urug (Lair:6)
  30 deep elf knights
  A shadow wraith (Vaults:4)
  Sonja (Lair:2)
  5 hell knights (Vaults:4)
  9 deep trolls
  4 sixfirhies (Gauntlet)
  9 wizards
  An unseen horror (D:15)
  2 unseen horrors (shapeshifter)
  13 swamp dragons
  An obsidian statue (D:13)
  2 glowing orange brains
  A phantasmal warrior (Vaults:3)
  13 orc knights
  12 ironbrand convokers
  19 deep elf archers
  23 orb spiders
  27 wolf spiders
  A wolf spider zombie (D:15)
  7 orc sorcerers
  5 necromancers
  23 ugly things
  A tengu skeleton (Vaults:3)
  3 manticores
  A moth of wrath (Spider:4)
  5 cyclopes
  65 deep elf magi
  4 oklob plants (Lair:5)
  A cyclops (shapeshifter) (Vaults:3)
  A guardian serpent (Lair:6)
  A black mamba (shapeshifter) (Vaults:3)
  5 black mambas (Lair:6)
  10 vault sentinels
  2 ice statues (IceCv)
  4 centaur skeletons
  5 gargoyles
  A torpor snail (Spider:2)
  22 spiny frogs
  A minotaur zombie (Gauntlet)
  4 freezing wraiths
  8 rime drakes
  An efreet (D:14)
  A yaktaur zombie (Vaults:3)
  18 demonic crawlers
  2 kobold demonologists (D:13)
  8 komodo dragons
  31 yaktaurs
  26 jumping spiders
  14 trolls
  A polar bear (Lair:6)
  A queen bee (D:11)
  11 tyrant leeches
  11 blink frogs
  10 bog bodies
  24 hornets
  A hippogriff (shapeshifter) (Vaults:1)
  12 dream sheep
  A slime creature (shapeshifter) (Vaults:2)
  12 hippogriffs
  13 slime creatures
  2 spriggans (Swamp:4)
  34 tarantellas
  93 redbacks
  2 water elementals
  5 air elementals
  A yak (shapeshifter) (Elf:1)
  40 yaks
  5 shadows
  3 wraiths
  16 wyverns
  A hog (shapeshifter) (Vaults:1)
  7 hogs
  A human (D:7)
  9 basilisks
  3 fire elementals
  2 steam dragons (Lair:6)
  A yaktaur simulacrum (Vaults:2)
  11 vampire mosquitoes
  9 wargs
  14 swamp worms
  6 acid dragons
  7 insubstantial wisps
  18 water moccasins
  16 soldier ants
  A water moccasin (shapeshifter) (Vaults:3)
  Duvessa (D:6)
  6 porcupines
  12 swamp drakes
  55 orc warriors
  21 ice beasts
  2 black bears
  A hornet zombie (D:9)
  3 sky beasts
  3 eyes of draining
  2 phantoms
  A necrophage (D:15)
  14 ogres
  A boggart (Vaults:1)
  2 wolves (Lair:3)
  13 centaurs
  A human skeleton (Vaults:3)
  10 crocodiles
  10 big kobolds
  9 bullfrogs
  An elf zombie (Ossuary)
  Dowan (D:6)
  6 earth elementals
  A water moccasin zombie (D:12)
  2 wyvern skeletons (D:14)
  2 scorpions
  31 killer bees
  14 wights
  4 electric eels
  2 howler monkeys
  A vampire bat (D:3)
  A bullfrog zombie (D:6)
  7 crimson imps
  13 orc priests
  8 centaur zombies
  5 hounds
  2 quasits
  4 bullfrog skeletons
  7 jellies
  28 orc wizards
  An iron imp (D:13)
  9 iguanas
  30 worker ants
  A killer bee zombie (D:10)
  2 ogre zombies (Ossuary)
  A hound zombie (D:10)
  2 hound skeletons
  6 mummies (Ossuary)
  2 worker ant zombies
  9 gnolls
  7 adders
  A howler monkey skeleton (D:7)
  5 shadow imps
  3 white imps (D:13)
  4 oozes
  4 adder zombies (Ossuary)
  2 adder skeletons (D:4)
  3 worms
  A dart slug (D:2)
  9 leopard geckos
  95 orcs
  2 bat skeletons (D:3)
  3 bat zombies (D:3)
  3 giant cockroaches
  A gnoll zombie (Ossuary)
  11 goblins
  8 hobgoblins
  9 jackals
  3 quokkas
  10 ball pythons
  5 bats
  5 frilled lizards
  A giant cockroach zombie (D:5)
  2 goblin zombies (Ossuary)
  7 hobgoblin zombies (Ossuary)
  A jackal zombie (D:7)
  27 kobolds
  3 kobold zombies (Ossuary)
  A leopard gecko zombie (D:7)
  3 quokka zombies (Ossuary)
  8 rats
  4 rat zombies (Ossuary)
  6 briar patches (Swamp:4)
  3 bushes
  2 crawling corpses (Elf:3)
  40 fungi
  35 plants
1807 creatures vanquished.

Vanquished Creatures (collateral kills)
  Kirke (D:15)
  An orc warlord (Orc:2)
  A vault warden (Vaults:2)
  A deep elf sorcerer (Elf:3)
  An emperor scorpion (Spider:4)
  An entropy weaver (D:12)
  A stone giant (Vaults:2)
  A minotaur (Gauntlet)
  An ice dragon (IceCv)
  6 hydras
  A two-headed ogre (D:10)
  3 alligators
  A deep troll (Vaults:1)
  3 swamp dragons (Swamp:4)
  An orange crystal statue (Elf:2)
  3 ugly things
  A cyclops (D:14)
  2 centaur zombies
  2 centaur skeletons (D:15)
  A spiny frog (Lair:1)
  A komodo dragon (Lair:1)
  2 tyrant leeches
  A bog body (Swamp:4)
  A fire giant simulacrum (Vaults:2)
  A wyvern (D:9)
  A wraith (D:14)
  A yak (D:10)
  A fire bat (shapeshifter) (Vaults:2)
  A vampire mosquito (Swamp:2)
  Menkaure (Ossuary)
  4 soldier ants (D:12)
  A swamp worm (Swamp:3)
  A water moccasin (D:5)
  4 ice beasts
  A centaur (D:5)
  2 ogres
  3 wolves (Lair:3)
  A crocodile (Lair:6)
  2 bullfrogs
  An earth elemental (Elf:1)
  A quasit (D:8)
  2 worker ants
  A hound skeleton (D:9)
  An ooze (Lair:6)
69 creatures vanquished.

Vanquished Creatures (others)
  A stone giant (Orc:2)
  A troll (Orc:2)
  A warg (Orc:2)
  2 orcs (Orc:2)
  A bush (D:13)
  30 fungi
  31 plants
67 creatures vanquished.

Grand Total: 1943 creatures vanquished

Notes
Turn   | Place    | Note
-------+----------+-------------------------------------------
     0 | D:1      | Atlas the Demonspawn Ice Elementalist began the quest for
                  | the Orb.
     0 | D:1      | Reached XP level 1. HP: 13/13 MP: 3/3
   155 | D:1      | Gained mutation: You are partially covered in sharp spines.
                  | [demonic ancestry]
   155 | D:1      | Reached XP level 2. HP: 4/19 MP: 0/5
   778 | D:1      | Reached XP level 3. HP: 17/24 MP: 6/6
  1365 | D:2      | Learned a level 3 spell: Frozen Ramparts
  1578 | D:2      | Gained mutation: You have a pair of small antennae on your
                  | head. [demonic ancestry]
  1578 | D:2      | Reached XP level 4. HP: 28/31 MP: 8/8
  1595 | D:2      | Found a sacrificial altar of Ru.
  1894 | D:2      | Gained mutation: A weak demonic guardian rushes to your
                  | aid. [demonic ancestry]
  1894 | D:2      | Reached XP level 5. HP: 36/36 MP: 2/9
  1895 | D:2      | Reached skill level 1 in Maces & Flails
  2716 | D:3      | Found an ancient bone altar of Kikubaaqudgha.
  3078 | D:4      | Gained mutation: You are partially covered in iridescent
                  | scales. (AC +2) [demonic ancestry]
  3078 | D:4      | Reached XP level 6. HP: 42/42 MP: 11/11
  3130 | D:4      | Reached skill level 1 in Fighting
  3138 | D:4      | Found a transporter.
  3164 | D:4      | Found a transporter.
  3339 | D:4      | Found Deadator's Gadget Shop.
  3348 | D:4      | Found Ikkyetuc's Weapon Shoppe.
  3375 | D:4      | Found a shadowy altar of Dithmenos.
  3489 | D:4      | Found Defavas's Food Shop.
  3679 | D:4      | Found Enov's Gadget Shop.
  4016 | D:4      | Reached XP level 7. HP: 14/48 MP: 12/12
  4231 | D:4      | Reached skill level 5 in Ice Magic
  4350 | D:5      | Entered Level 5 of the Dungeon
  4811 | D:5      | Cast into level 1 of the Abyss (gnoll)
  4811 | Abyss:1  | Found a sacrificial altar of Ru.
  4830 | Abyss:1  | Noticed a wretched star
  4859 | D:5      | Escaped the Abyss
  5019 | D:5      | Reached skill level 1 in Armour
  5296 | D:5      | Reached XP level 8. HP: 38/39 MP: 11/11
  5550 | D:5      | Found a staircase to the Ecumenical Temple.
  5568 | Temple   | Entered the Ecumenical Temple
  5791 | Temple   | Became a worshipper of Vehumet
  6012 | D:6      | Found a glowing golden altar of the Shining One.
  6014 | D:6      | Found a basalt altar of Yredelemnul.
  6016 | D:6      | Found a sacrificial altar of Ru.
  6016 | D:6      | Found a snail-covered altar of Cheibriados.
  6016 | D:6      | Found a burning altar of Makhleb.
  6018 | D:6      | Found a hide-covered altar of Uskayaw.
  6020 | D:6      | Found a shimmering altar of Xom.
  6637 | D:6      | Noticed Dowan
  6641 | D:6      | Noticed Duvessa
  6656 | D:6      | Killed Duvessa
  6664 | D:6      | Killed Dowan
  6856 | D:6      | Reached skill level 5 in Spellcasting
  7214 | D:7      | Found a transporter.
  7214 | D:7      | Noticed contrafett's ghost (novice TrNe)
  7220 | D:7      | Reached * piety under Vehumet
  7220 | D:7      | Offered knowledge of Foxfire by Vehumet.
  7291 | D:7      | Found a transporter.
  7293 | D:7      | Noticed a moth of wrath
  7295 | D:7      | Noticed a hippogriff
  7347 | D:7      | Reached skill level 1 in Evocations
  7361 | D:7      | Reached XP level 9. HP: 62/62 MP: 13/13
  7555 | D:7      | Reached skill level 1 in Shields
  7649 | D:7      | Found a sand-covered staircase.
  7680 | Ossuary  | Entered an ossuary
  7805 | Ossuary  | Noticed Menkaure
  7838 | Ossuary  | Killed Menkaure
  7838 | Ossuary  | Reached skill level 5 in Maces & Flails
  8279 | Ossuary  | Offered knowledge of Searing Ray by Vehumet.
  8315 | Ossuary  | Reached ** piety under Vehumet
  9123 | D:8      | Offered knowledge of Static Discharge by Vehumet.
  9443 | D:8      | Gained mutation: You are mostly covered in iridescent
                  | scales. (AC +4) [demonic ancestry]
  9443 | D:8      | Reached XP level 10. HP: 70/70 MP: 19/19
  9461 | D:8      | Identified the Grimoire of the Fifty Stars
  9725 | D:8      | Reached *** piety under Vehumet
 10236 | D:9      | Found a staircase to the Lair.
 10250 | D:9      | Reached skill level 5 in Stealth
 10673 | D:9      | Noticed Harold
 10680 | D:9      | Offered knowledge of Iskenderun's Mystic Blast by Vehumet.
 10881 | D:8      | Learned a level 3 spell: Ozocubu's Armour
 10898 | D:9      | Killed Harold
 11339 | D:9      | Learned a level 4 spell: Summon Ice Beast
 11635 | D:10     | Entered Level 10 of the Dungeon
 11642 | D:10     | Reached skill level 5 in Dodging
 11781 | D:10     | Noticed a gargoyle
 11788 | D:10     | Killed a gargoyle
 11834 | D:10     | Gained mutation: You have a pair of antennae on your head.
                  | [demonic ancestry]
 11834 | D:10     | Reached XP level 11. HP: 78/78 MP: 21/21
 11840 | D:10     | Reached **** piety under Vehumet
 12266 | D:10     | Offered knowledge of Ignite Poison by Vehumet.
 12402 | D:10     | Noticed a two-headed ogre
 12410 | D:10     | Killed a two-headed ogre
 12410 | D:10     | Reached skill level 1 in Charms
 12881 | D:11     | Noticed a deep elf mage
 12881 | D:11     | Noticed a two-headed ogre
 12894 | D:11     | Killed a two-headed ogre
 12909 | D:11     | Killed a deep elf mage
 13251 | D:11     | Noticed a cyan ugly thing
 13271 | D:11     | Killed a cyan ugly thing
 13432 | D:11     | Noticed an eight-headed hydra
 13466 | D:11     | Killed an eight-headed hydra
 13466 | D:11     | Reached skill level 1 in Summonings
 13490 | D:11     | Reached ***** piety under Vehumet
 13495 | D:11     | Offered knowledge of Ozocubu's Refrigeration by Vehumet.
 13496 | D:11     | Reached skill level 5 in Fighting
 14308 | D:12     | Noticed a two-headed ogre
 14321 | D:12     | Killed a two-headed ogre
 14354 | D:12     | Noticed a green ugly thing
 14371 | D:12     | Killed a green ugly thing
 14399 | D:12     | Noticed a five-headed hydra
 14409 | D:12     | Killed a five-headed hydra
 14409 | D:12     | Gained mutation: You have a pair of large antennae on your
                  | head. (SInv) [demonic ancestry]
 14409 | D:12     | Reached XP level 12. HP: 86/86 MP: 24/24
 14594 | D:12     | Found a staircase to the Orcish Mines.
 14604 | D:12     | Noticed an entropy weaver
 14637 | D:12     | Killed an entropy weaver
 15217 | D:12     | Noticed an entropy weaver
 15248 | D:12     | Killed an entropy weaver
 15460 | D:12     | Noticed a queen ant
 15467 | D:12     | Killed a queen ant
 16048 | D:13     | Noticed a two-headed ogre
 16060 | D:13     | Killed a two-headed ogre
 16103 | D:13     | Found a gate leading to a gauntlet.
 16121 | Gauntlet | Entered a Gauntlet
 16121 | Gauntlet | Found a transporter.
 16121 | Gauntlet | Found a transporter.
 16121 | Gauntlet | Noticed a death ooze
 16122 | Gauntlet | Found a transporter.
 16122 | Gauntlet | Found a transporter.
 16125 | Gauntlet | Found a transporter.
 16127 | Gauntlet | Found a large runed translucent door.
 16128 | Gauntlet | Found a large runed translucent door.
 16129 | Gauntlet | Found a large runed translucent door.
 16129 | Gauntlet | Found a large runed translucent door.
 16129 | Gauntlet | Found a runed translucent door.
 16129 | Gauntlet | Found a runed translucent door.
 16140 | Gauntlet | Found a large runed translucent door.
 16140 | Gauntlet | Found a large runed translucent door.
 16140 | Gauntlet | Found a large runed translucent door.
 16140 | Gauntlet | Found a large runed translucent door.
 16141 | Gauntlet | Found a large runed translucent door.
 16141 | Gauntlet | Found a large runed translucent door.
 16142 | Gauntlet | Found a large runed translucent door.
 16142 | Gauntlet | Found a large runed translucent door.
 16143 | Gauntlet | Found a runed translucent gate.
 16143 | Gauntlet | Found a runed translucent gate.
 16143 | Gauntlet | Found a runed translucent gate.
 16144 | Gauntlet | Noticed a dire elephant
 16145 | Gauntlet | Found a transporter.
 16156 | Gauntlet | Found a large runed translucent door.
 16157 | Gauntlet | Found a large runed translucent door.
 16166 | Gauntlet | Found a large runed translucent door.
 16166 | Gauntlet | Found a large runed translucent door.
 16211 | Gauntlet | Found a transporter.
 16223 | Gauntlet | Found a transporter.
 16237 | Gauntlet | Found a transporter.
 16249 | Gauntlet | Found a transporter.
 16265 | Gauntlet | Found a transporter.
 16268 | Gauntlet | Found a transporter.
 16470 | Gauntlet | Learned a level 6 spell: Ozocubu's Refrigeration
 16472 | Gauntlet | Reached skill level 10 in Spellcasting
 16486 | Gauntlet | Got a transparent amber ring
 16707 | Gauntlet | Identified the ring "Mum Qypp" {rPois MR+} (You found it in
                  | a Gauntlet)
 16781 | Gauntlet | Got a steaming lead ring
 16788 | Gauntlet | Identified the ring "Pizius" {Fire +Blink rElec Str-2
                  | Dex+7} (You found it in a Gauntlet)
 16816 | Gauntlet | Noticed a minotaur
 16835 | Gauntlet | Killed a minotaur
 17028 | Gauntlet | Identified the Papyrus of Attacks and Stolen Souls
 17189 | D:13     | Reached XP level 13. HP: 77/93 MP: 27/27
 17489 | D:13     | Offered knowledge of Lee's Rapid Deconstruction by Vehumet.
 17870 | D:13     | Reached skill level 10 in Ice Magic
 19130 | D:14     | Found a gate to the Vaults.
 19341 | D:15     | Entered Level 15 of the Dungeon
 19764 | D:15     | Noticed Kirke
 19770 | D:15     | Killed Kirke
 19808 | D:15     | Found a frozen archway.
 19839 | IceCv    | Entered an ice cave
 21962 | IceCv    | Learned a level 3 spell: Mephitic Cloud
 22054 | IceCv    | HP: 1/95 [ice dragon (6)]
 22794 | IceCv    | Found the cursed necklace of Bloodlust {*Rage +Rage MR++
                  | Int-3 Slay+6 *Curse}
 23068 | D:15     | Reached XP level 14. HP: 86/101 MP: 29/29
 23947 | D:15     | Found a staircase to the Depths.
 23947 | D:15     | Noticed a frost giant
 24094 | Lair:1   | Entered Level 1 of the Lair of Beasts
 25104 | Lair:2   | Reached skill level 5 in Armour
 25230 | Lair:2   | Found a staircase to the Swamp.
 25249 | Lair:2   | Noticed Sonja
 25272 | Lair:2   | Killed Sonja
 25502 | Lair:2   | Offered knowledge of Iskenderun's Battlesphere by Vehumet.
 26393 | Lair:3   | Found a hole to the Spider Nest.
 26810 | Lair:3   | Found a runed translucent door.
 27007 | Lair:3   | Noticed Hazorath's ghost (journeyman DsFi)
 27234 | Lair:4   | Identified a scroll of acquirement
 27238 | Lair:4   | Identified the amulet "Kushuj" {Spirit Dex+2 SInv} (You
                  | acquired it on level 4 of the Lair of Beasts)
 27238 | Lair:4   | Identified the +3 demon whip of Sin {freeze, rPois} (You
                  | acquired it on level 4 of the Lair of Beasts)
 27238 | Lair:4   | Identified the +0 pair of boots of Beogh's Anger {*Corrode
                  | rC+ Dex+2} (You acquired it on level 4 of the Lair of
                  | Beasts)
 27478 | Lair:4   | Reached skill level 10 in Maces & Flails
 28799 | Lair:6   | Entered Level 6 of the Lair of Beasts
 29015 | Lair:6   | Gained mutation: You are completely covered in iridescent
                  | scales. (AC +6) [demonic ancestry]
 29015 | Lair:6   | Reached XP level 15. HP: 92/108 MP: 14/31
 29663 | Lair:6   | Offered knowledge of Lightning Bolt by Vehumet.
 29715 | Lair:6   | Learned a level 5 spell: Lightning Bolt
 30518 | Lair:6   | Noticed Urug
 30529 | Lair:6   | Killed Urug
 30620 | Lair:6   | Found a staircase to the Slime Pits.
 31358 | Lair:6   | Reached skill level 1 in Polearms
 32146 | Orc:1    | Entered Level 1 of the Orcish Mines
 32175 | Orc:1    | Reached ****** piety under Vehumet
 32412 | Orc:1    | Offered knowledge of Spellforged Servitor by Vehumet.
 32668 | Orc:2    | Entered Level 2 of the Orcish Mines
 32681 | Orc:2    | Found Bosurok's Antique Armour Shop.
 32747 | Orc:2    | Noticed Donald
 32747 | Orc:2    | Noticed an orc warlord
 32752 | Orc:2    | Killed Donald
 32753 | Orc:2    | Killed an orc warlord
 32758 | Orc:2    | Found Vorisahu's Antique Weapon Emporium.
 32782 | Orc:2    | Found Voulian's General Store.
 32807 | Orc:2    | Found Mozem's Jewellery Emporium.
 32877 | Orc:2    | Found a flickering gateway to a bazaar.
 32886 | Bazaar   | Entered a bazaar
 32934 | Bazaar   | Found Pettyigy's Distillery.
 32938 | Bazaar   | Bought a potion of heal wounds for 35 gold pieces
 32938 | Bazaar   | Bought a potion of heal wounds for 35 gold pieces
 32949 | Bazaar   | Found Qelel's Weapon Shoppe.
 32949 | Bazaar   | Found Myec Cio's Book Emporium.
 33087 | Orc:2    | Bought a runed cloak for 202 gold pieces
 33143 | Orc:2    | Noticed an orc warlord
 33152 | Orc:2    | Killed an orc warlord
 33348 | Orc:2    | Found a staircase to the Elven Halls.
 33368 | Orc:2    | Bought an uncursed ring of protection from cold for 250
                  | gold pieces
 33691 | Elf:1    | Entered Level 1 of the Elven Halls
 33714 | Elf:1    | Offered knowledge of Starburst by Vehumet.
 33721 | Elf:1    | Gained mutation: A demonic guardian rushes to your aid.
                  | [demonic ancestry]
 33721 | Elf:1    | Reached XP level 16. HP: 100/116 MP: 33/33
 34562 | Swamp:1  | Entered Level 1 of the Swamp
 35027 | Swamp:1  | Got a slimy scale mail
 35038 | Swamp:1  | Identified the cursed +1 scale mail of Negation {MP+9
                  | Str+2} (You found it on level 1 of the Swamp)
 35800 | Orc:2    | Bought the +10 morningstar "Eos" {elec, Halo rElec} for
                  | 1998 gold pieces
 35800 | Orc:2    | Found the +10 morningstar "Eos" {elec, Halo rElec}
 36505 | Swamp:2  | Noticed a Hell Sentinel
 36536 | Swamp:2  | Found a transporter.
 36545 | Swamp:2  | Identified the cursed +1 lajatang of Crystal {distort,
                  | Str+4}
 36562 | Swamp:2  | Found a one-way gate to the infinite horrors of the Abyss.
 36562 | Swamp:2  | Noticed tabacat's ghost (journeyman DrCj)
 36665 | Swamp:2  | Found a transporter.
 39040 | Swamp:3  | Offered knowledge of Conjure Ball Lightning by Vehumet.
 39363 | Swamp:4  | Entered Level 4 of the Swamp
 39760 | Swamp:4  | Noticed a thorn hunter
 39766 | Swamp:4  | Killed a thorn hunter
 40003 | Swamp:4  | Reached skill level 5 in Summonings
 40293 | Swamp:4  | Noticed a thorn hunter
 40299 | Swamp:4  | Killed a thorn hunter
 40299 | Swamp:4  | Reached XP level 17. HP: 57/124 MP: 27/35
 40648 | Swamp:4  | Got a decaying rune of Zot
 41461 | Elf:1    | Reached skill level 15 in Spellcasting
 42263 | Elf:1    | Offered knowledge of Lehudib's Crystal Spear by Vehumet.
 42263 | Elf:1    | Offered knowledge of Ignition by Vehumet.
 42263 | Elf:1    | Offered knowledge of Absolute Zero by Vehumet.
 44019 | Elf:2    | Found an ancient bone altar of Kikubaaqudgha.
 45012 | Elf:2    | Found a huge runed translucent gate.
 45012 | Elf:2    | Found a huge runed translucent gate.
 45013 | Elf:2    | Found a huge runed translucent gate.
 45014 | Elf:2    | Found a huge runed translucent gate.
 45018 | Elf:2    | Reached skill level 15 in Ice Magic
 45063 | Elf:2    | Found a huge runed translucent gate.
 45767 | Elf:2    | Gained mutation: You are mostly covered in sharp spines.
                  | [demonic ancestry]
 45767 | Elf:2    | Reached XP level 18. HP: 112/132 MP: 28/37
 46570 | Elf:3    | Entered Level 3 of the Elven Halls
 46668 | Elf:3    | Reached XP level 19. HP: 138/138 MP: 39/39
 46752 | Elf:3    | Found Cawuntuo's Gadget Shoppe.
 46767 | Elf:3    | Bought a wand of acid (6) for 380 gold pieces
 47236 | Elf:3    | Noticed a Tzitzimitl
 48184 | Elf:3    | Identified the ring of Zetotecus {Wiz *Corrode rPois Int+7}
 48315 | Elf:3    | Identified the Guide on Calling and Self-Improvement
 48499 | Elf:3    | Identified the +5 broad axe "Juulo" {venom, Int+3 Stlth+}
                  | (You found it on level 3 of the Elven Halls)
 48595 | Elf:3    | Found the +0 sword of Power
 48631 | Elf:3    | Identified Ponadam's Tome of the Rocks
 49089 | Spider:1 | Entered Level 1 of the Spider Nest
 49304 | Spider:1 | Noticed Seowka's ghost (adept MiBe)
 49319 | Spider:1 | Found a runed translucent gate.
 49319 | Spider:1 | Found a runed translucent gate.
 49319 | Spider:1 | Found a runed translucent gate.
 50055 | Spider:2 | Identified the ring of Goalem {rElec rF- rN+ Str+8 Stlth+}
                  | (You acquired it on level 2 of the Spider Nest)
 50234 | Spider:2 | Identified Roxanne's Grimoire of Moulding
 50234 | Spider:2 | Noticed Roxanne
 50236 | Spider:2 | Gained mutation: You are completely covered in sharp
                  | spines. [demonic ancestry]
 50236 | Spider:2 | Reached XP level 20. HP: 146/146 MP: 36/41
 50334 | Spider:2 | Killed Roxanne
 50574 | Spider:2 | Found a runed translucent door.
 50574 | Spider:2 | Found a shimmering altar of Xom.
 50574 | Spider:2 | Noticed lunkers's ghost (adept FoIE)
 50725 | Spider:2 | Learned a level 9 spell: Absolute Zero
 51106 | Spider:3 | Found a runed translucent door.
 51106 | Spider:3 | Noticed Ahomnacvode's ghost (adept TrMo)
 51666 | Spider:4 | Entered Level 4 of the Spider Nest
 51930 | Spider:4 | Noticed Aizul
 51936 | Spider:4 | Killed Aizul
 52711 | Spider:4 | Reached skill level 10 in Fighting
 53699 | Spider:4 | Got a gossamer rune of Zot
 54072 | Vaults:1 | Entered Level 1 of the Vaults
 54886 | Vaults:1 | HP: 4/147 [frost giant/bolt of cold (33)]
 54890 | Vaults:1 | Reached XP level 21. HP: 67/153 MP: 33/43
 57432 | Vaults:2 | Noticed Bai Suzhen
 57467 | Vaults:2 | Killed Bai Suzhen
 60238 | Vaults:2 | Found Fat Cyll's Weapon Shoppe.
 60278 | Vaults:3 | Found Iwuvec's Weapon Shop.
 61586 | Vaults:3 | Found a staircase to the Crypt.
 61725 | Vaults:3 | Learned a level 4 spell: Dispel Undead
 61819 | Vaults:3 | Reached XP level 22. HP: 158/161 MP: 45/45
 62683 | Vaults:4 | Noticed Frederick
 62694 | Vaults:3 | Killed Frederick
 62951 | Vaults:4 | Noticed Margery
 62958 | Vaults:4 | Killed Margery
 63739 | Vaults:4 | Mangled by a white very ugly thing

Levels and vault maps discovered:
D:1:      lemuel_arrival_behind_the_door_small, layout_basic,
          hangedman_feature_mirror
D:2:      layout_basic, nicolae_ru_great_annihilating_truth
D:3:      layout_rooms, kennysheep_vampire_church, minmay_shallow_snake_nest
D:4:      gammafunk_steamed_eel, layout_rooms, marbit_many_paths, serial_shops,
          nicolae_shop_statue_plus, shop_statue, nicolae_shop_crystal, shop
D:5:      layout_basic, minmay_temple_entry_proselytizer, first_ration
D:6:      layout_basic, minitemple, uniq_duvessa
D:7:      layout_loops_corners, enter_ossuary_1,
          gammafunk_ghost_berserking_beasts, grunt_livestock
D:8:      layout_layer_cave
D:9:      layout_roguey, lair_entry_dummy, minmay_fractal_squares_gapless_5,
          uniq_harold
D:10:     layout_roguey, minmay_parallelograms, grunt_decor_resistance
D:11:     layout_roguey, special_room [special_room_bee]
D:12:     layout_long_grid, orc_0_dummy, zaba_anthell
D:13:     kennysheep_kobold_grotto, layout_rooms, gauntlet_entry_generic
D:14:     layout_cave_pools, david_vaults_1, minmay_misc_feat_doors
D:15:     grunt_enter_depths_snipers, layout_cave_pods,
          portal_ice_cave_entry_ice_beasts, uniq_kirke
Temple:   nicolae_temple_figure_eight
Lair:1:   layout_loops_ring
Lair:2:   layout_misc_corridors, swamp_mist, st_stairs_11, serial_bayou_pond_a,
          uniq_sonja
Lair:3:   layout_chaotic_city, spider_nest_entry_web_field,
          ebering_ghost_inner_flame
Lair:4:   layout_misc_corridors, special_room [special_room_mythical_zoo]
Lair:5:   layout_roguey, minmay_hedge_maze, grunt_megastairs_1,
          infiniplex_staircase_pool, minmay_lair_oklob_chamber
Lair:6:   guppyfry_lair_end_dragon, layout_cave_pods,
          hangedman_lair_tendril_chambers, nicolae_slime_entry_slimehenge,
          minmay_shattered_shrine, uniq_urug
Swamp:1:  layout_basic_swamp, evilmike_swamp_ruin_rubble_2, swamp_pool3,
          infiniplex_staircase_pool_2
Swamp:2:  layout_basic_swamp, gammafunk_ghost_abyssal_escape,
          nicolae_swamp_triple_paths, swamp_pool4
Swamp:3:  layout_basic_swamp, nicolae_swamp_feature_on_the_river_bank
Swamp:4:  swamp_basic_johnstein, layout_basic_swamp, swamp_pool4
Spider:1: layout_spider_delve, gammafunk_ghost_split, hangedman_spider_mandibles
Spider:2: layout_spider_delve, ebering_ghost_xom, worms_lemuel, uniq_roxanne
Spider:3: layout_spider_delve, gammafunk_ghost_grave,
          spiders_nest_ghost_moth_duel
Spider:4: grunt_spider_rune_circles, uniq_aizul
Orc:1:    layout_caves
Orc:2:    grunt_orc_gardens, layout_diamond_mine, grunt_orc_garden,
          grunt_orc_garden, grunt_orc_garden, grunt_orc_garden, serial_shops,
          bzr_firewalk, uniq_donald
Elf:1:    elf_arrival_001, layout_loops_corners, evilmike_minifort,
          grunt_megastairs_2
Elf:2:    layout_gridlike, minivault_16, david_defended_altar_elf
Elf:3:    minmay_elf_hall_four_x, layout_loops_cross, serial_shops, shop
Vaults:1: nicolae_vaults_sealed_display, nicolae_vaults_network_star,
          hangedman_vaults_river_flow, nicolae_vaults_twisting_passages,
          nicolae_vaults_network_s, ontoclasm_vaults_chip, st_quartered_hall,
          nicolae_vaults_little_squares_2, ontoclasm_vaults_gateway,
          layout_vaults_quadrants
Vaults:2: st_greater_box_2, v_misc_8, grunt_vaults_hallway_long,
          ontoclasm_vaults_ligature, vaults_room_fancy_cross, vaults_room_fours,
          vaults_mumra_minichess_inversion, vaults_dpeg_encased_lava,
          layout_vaults_big_room, serial_shops, nicolae_shop_trees,
          uniq_bai_suzhen
Vaults:3: minmay_crypt_entry_simple_plaza, grunt_vaults_funnel,
          hangedman_vaults_snaps, vaults_dpeg_hooks,
          nicolae_vaults_fighting_squares, nicolae_vaults_hallways_thing,
          ontoclasm_vaults_twist, v_misc_2, nicolae_vaults_network_quincunx
          [nicolae_vaults_network_quincunx_subvault,
          nicolae_vaults_network_quincunx_subvault,
          nicolae_vaults_network_quincunx_subvault,
          nicolae_vaults_network_quincunx_subvault,
          nicolae_vaults_network_quincunx_subvault], nicolae_vaults_rhombus_7,
          v_misc_5, vaults_mumra_lcd, nicolae_vaults_yaktaur_gun_rack,
          layout_vaults_omnibox, serial_shops, shop
Vaults:4: nicolae_vaults_three_branches, st_cross, hangedman_vaults_trim,
          v_pattern_1, v_misc_1, nicolae_vaults_mini_display_case, v_misc_2,
          v_misc_19, vaults_room_stairs_pillars, grunt_vaults_hallway_long,
          nicolae_vaults_specimen_jars, v_misc_24, nicolae_vaults_rhombus_5,
          layout_vaults_ring, serial_shops, nicolae_shop_trees, uniq_margery,
          uniq_frederick

Skill      XL: |  1  2  3  4  5  6  7  8  9 10 11 12 13 14 15 16 17 18 19 20 21 22 |
---------------+-------------------------------------------------------------------+-----
Ice Magic      | 4 5 6 7 8 9 11 12 13 14 15 16 17 18 19 | 19.2
Dodging        | 2 3 4 5 6 7 8 9 |  9.9
Spellcasting   | 3 4 5 6 7 8 10 11 12 13 14 15 16 17 18 19 | 19.6
Stealth        | 2 3 4 6 7 8 |  8.0
Maces & Flails | 2 3 4 5 7 8 9 10 11 12 13 14 | 14.0
Fighting       | 1 2 3 4 5 6 7 8 9 10 | 10.9
Armour         | 1 2 3 4 5 6 7 8 9 |  9.5
Evocations     | 1 2 3 |  3.6
Shields        | 1 2 3 4 |  4.0
Charms         | 1 2 |  2.4
Summonings     | 1 2 4 5 |  5.3
Polearms       | 3 4 |  4.3
Conjurations   | |  0.2
Air Magic      | |  0.1
Poison Magic   | |  0.2

Action                   |  1- 3 |  4- 6 |  7- 9 | 10-12 | 13-15 | 16-18 | 19-21 | 22-24 || total
-------------------------+-------+-------+-------+-------+-------+-------+-------+-------++-------
Melee: Unarmed           |    15 |       |       |       |       |       |       |       ||    15
       Dagger            |     7 |       |       |       |       |       |       |       ||     7
       Mace              |    21 |    94 |   218 |   451 |   517 |       |       |       ||  1301
       Demon whip        |       |       |       |       |   255 |       |       |       ||   255
       Demon trident     |       |       |       |       |   168 |    34 |       |       ||   202
       Morningstar       |       |       |       |       |       |   453 |   535 |    82 ||  1070
 Cast: Freeze            |    29 |     8 |    25 |    12 |    18 |     2 |     3 |       ||    97
       Frozen Ramparts   |     1 |     4 |    25 |    51 |    11 |     1 |     8 |     2 ||   103
       Ozocubu's Armour  |       |       |       |    12 |     4 |       |       |       ||    16
       Summon Ice Beast  |       |       |       |    28 |    57 |    21 |    15 |     3 ||   124
       Ozocubu's Refrige |       |       |       |     3 |   132 |   155 |   303 |    52 ||   645
       Lightning Bolt    |       |       |       |       |       |     3 |       |       ||     3
       Mephitic Cloud    |       |       |       |       |       |       |     3 |       ||     3
Evoke: Wand              |       |     1 |    15 |     1 |    39 |     7 |    30 |       ||    93
       Tin of tremorston |       |       |       |       |     2 |       |       |       ||     2
  Use: Scroll            |       |    11 |     8 |     5 |    23 |     7 |    14 |       ||    68
       Potion            |       |       |       |     4 |     4 |     3 |    10 |       ||    21
 Stab: Distracted        |     2 |       |     1 |     5 |    12 |     2 |     1 |       ||    23
       Sleeping          |     1 |     7 |    14 |    20 |    18 |     1 |       |     1 ||    62
       Paralysed         |       |     1 |       |       |     8 |       |       |       ||     9
       Confused          |       |       |       |       |       |       |     1 |       ||     1
  Eat: Chunk             |     2 |     8 |    16 |    18 |    75 |    39 |    38 |     9 ||   205
       Ration            |       |       |     1 |     3 |     5 |    11 |    15 |       ||    35
Armor: Robe              |    12 |    15 |       |       |       |       |       |       ||    27
       Leather armour    |       |     6 |    67 |   114 |   300 |     6 |       |       ||   493
       Scale mail        |       |       |       |       |       |   221 |   299 |    32 ||   552
Dodge: Dodged            |    32 |    38 |   118 |   259 |   514 |   211 |   334 |    32 ||  1538
Block: Buckler           |       |     5 |    47 |   105 |   221 |   117 |   205 |    34 ||   734

Table legend:
 A = Non-vault XP
 B = Vault XP
 C = Vault XP percentage of total XP
 D = Non-vault monster count
 E = Vault monster count
 F = Vault count percentage of total count
                 A         B        C        D         E       F
            +---------+---------+-------+---------+---------+-------
      Total |  338905 |  345915 |  50.5 |    1132 |     658 |  36.8
            +---------+---------+-------+---------+---------+-------
        D:1 |      41 |       3 |   6.8 |      26 |       2 |   7.1
        D:2 |     164 |      45 |  21.5 |      28 |       4 |  12.5
        D:3 |      37 |      84 |  69.4 |      17 |      11 |  39.3
        D:4 |     314 |     165 |  34.4 |      15 |       4 |  21.1
        D:5 |     719 |      46 |   6.0 |      16 |       1 |   5.9
        D:6 |     533 |     207 |  28.0 |      15 |       2 |  11.8
        D:7 |    1096 |     957 |  46.6 |      24 |       5 |  17.2
        D:8 |    1356 |       0 |   0.0 |      23 |       0 |   0.0
        D:9 |    2423 |    1118 |  31.6 |      21 |       5 |  19.2
       D:10 |    4946 |       0 |   0.0 |      36 |       0 |   0.0
       D:11 |    3944 |    1730 |  30.5 |      36 |      24 |  40.0
       D:12 |    4413 |    6721 |  60.4 |      19 |      45 |  70.3
       D:13 |    6494 |    2374 |  26.8 |      23 |      27 |  54.0
       D:14 |    3312 |    2183 |  39.7 |      20 |       3 |  13.0
       D:15 |   12457 |    5808 |  31.8 |      32 |      15 |  31.9
     Lair:1 |    3122 |       0 |   0.0 |      10 |       0 |   0.0
     Lair:2 |    4430 |    1238 |  21.8 |      16 |       4 |  20.0
     Lair:3 |    5478 |       0 |   0.0 |      25 |       0 |   0.0
     Lair:4 |     905 |    6239 |  87.3 |       3 |      25 |  89.3
     Lair:5 |    3687 |    2897 |  44.0 |      16 |       7 |  30.4
     Lair:6 |    7571 |   21831 |  74.3 |      31 |      70 |  69.3
    Swamp:1 |    1487 |       0 |   0.0 |       6 |       0 |   0.0
    Swamp:2 |   15753 |       0 |   0.0 |      41 |       0 |   0.0
    Swamp:3 |   13953 |       0 |   0.0 |      42 |       0 |   0.0
    Swamp:4 |   13284 |   21213 |  61.5 |      30 |      34 |  53.1
   Spider:1 |    5719 |       0 |   0.0 |      15 |       0 |   0.0
   Spider:2 |   20050 |    5100 |  20.3 |      61 |      10 |  14.1
   Spider:3 |   13647 |    3774 |  21.7 |      41 |       9 |  18.0
   Spider:4 |   30780 |   27040 |  46.8 |      71 |      39 |  35.5
      Orc:1 |    3434 |       0 |   0.0 |      38 |       0 |   0.0
      Orc:2 |    6850 |   11808 |  63.3 |      62 |      28 |  31.1
      Elf:1 |   33681 |   13070 |  28.0 |      55 |      22 |  28.6
      Elf:2 |    9966 |   24218 |  70.8 |      16 |      31 |  66.0
      Elf:3 |   13110 |   49959 |  79.2 |      25 |      33 |  56.9
   Vaults:1 |   24566 |   33587 |  57.8 |      46 |      39 |  45.9
   Vaults:2 |   17409 |   51562 |  74.8 |      54 |      47 |  46.5
   Vaults:3 |   27351 |   26207 |  48.9 |      43 |      34 |  44.2
   Vaults:4 |   20423 |   14623 |  41.7 |      34 |      15 |  30.6
    Ossuary |       0 |     582 | 100.0 |       0 |      37 | 100.0
      IceCv |       0 |    5011 | 100.0 |       0 |      20 | 100.0
   Gauntlet |       0 |    4515 | 100.0 |       0 |       6 | 100.0
            +---------+---------+-------+---------+---------+-------
